 Dungeon Crawl Stone Soup version 0.29.1-2-gbd0b4ee654 (webtiles) character file.

Game seed: 18245873630894766931

46 qeuew the Trooper (level 3, -2/30 HPs)
             Began as a Barachi Fighter on Nov 9, 2022.
             Slain by Terence
             ... wielding a +0 flail
              (3 damage)
             ... on level 2 of the Dungeon.
             The game lasted 00:02:07 (1023 turns).

qeuew the Trooper (Barachi Fighter)                 Turns: 1023, Time: 00:02:08

Health: -2/30      AC:  7    Str: 14 (17) XL:     3   Next: 68%
Magic:  3/3        EV:  8    Int:  5 (8)  God:
Gold:   99         SH:  4    Dex: 11 (13) Spells: 2/2 levels left

rFire   . . .      SeeInvis .   a - +1 long sword
rCold   . . .      Faith    .   c - +0 buckler
rNeg    . . .      Spirit   .   b - +0 scale mail
rPois   .          Reflect  .   (no helmet)
rElec   .          Harm     .   h - scarf {shadows}
rCorr   .          Rampage  .   (no gloves)
Will    .....                   (no boots)
Stlth   ..........              g - amulet of regeneration
HPRegen 0.90/turn               (no ring)
MPRegen 0.08/turn               (no ring)

@: slow
A: amphibious, slowness 1, strong legs 1, +LOS
a: Hop


You were on level 2 of the Dungeon.
You visited 1 branch of the dungeon, and saw 2 of its levels.

You collected 99 gold pieces.

Inventory:

Hand Weapons
 a - a +1 long sword (weapon)
Missiles
 f - 4 javelins
Armour
 b - a +0 scale mail (worn)
 c - a +0 buckler (worn)
 h - a scarf of shadows (worn)
Jewellery
 g - an amulet of regeneration (around neck)
Scrolls
 e - a scroll of magic mapping {unknown}
 l - a scroll of enchant weapon
Potions
 d - 2 potions of might
 i - 2 potions of curing


   Skills:
 + Level 4.1 Fighting
 + Level 3.1 Long Blades
 + Level 0.0 Throwing
 + Level 4.1 Armour
 + Level 3.7 Shields


You had 2 spell levels left.
You didn't know any spells.
Your spell library was empty.

Dungeon Overview and Level Annotations

Branches:
Dungeon (2/15)

Altars:

Shops:
D:2 (

Annotations:
D:2 Terence


Innate Abilities, Weirdness & Mutations

You are amphibious.
You cover ground slowly.
You can hop short distances.
You have an extended range of vision and can be seen from far away.


Message History

You hit Terence.
Terence is lightly wounded.
Terence hits you with a +0 flail. x2
You closely miss Terence.
Terence is lightly wounded.
Terence barely misses you.
You hit Terence but do no damage.
Terence is lightly wounded.
The endoplasm freezes you.
You are frozen.
Terence barely misses you.
You slash Terence!
Terence is heavily wounded.
You block Terence's attack. The endoplasm freezes you.
You are frozen.
The endoplasm freezes you.
You are frozen.
Terence barely misses you.
You closely miss Terence.
Terence is heavily wounded.
The endoplasm hits you but does no damage.
Terence hits you with a +0 flail.
You hit Terence.
Terence is almost dead.
The endoplasm freezes you.
You are frozen.
* * * LOW HITPOINT WARNING * * *
You block Terence's attack.
You barely miss Terence.
Terence is almost dead.
The endoplasm freezes you.
You are frozen.
* * * LOW HITPOINT WARNING * * *
Terence hits you with a +0 flail.
* * * LOW HITPOINT WARNING * * *
You barely miss Terence.
Terence is almost dead.
The endoplasm hits you.
* * * LOW HITPOINT WARNING * * *
Terence hits you with a +0 flail.
You die...

...........#
...........#
...........#
...........#
...........#
...........# .#
......J@...# .####
.......@...# ....
^..........###..####
...)...?............
+########[..........
..................
...........†......
........#########...
........#########...
........##..........
.


You could see Terence and an endoplasm.

Vanquished Creatures
  A gnoll (D:1)
  An adder (D:2)
  A worm (D:2)
  2 dart slugs (D:2)
  An endoplasm (D:1)
  2 goblins (D:1)
  4 hobgoblins
  3 jackals (D:1)
  2 kobolds (D:1)
  A ball python (D:2)
  7 bats
  2 frilled lizards
  3 rats
30 creatures vanquished.

Notes
Turn   | Place    | Note
-------+----------+-------------------------------------------
     0 | D:1      | qeuew the Barachi Fighter began the quest for the Orb.
     0 | D:1      | Reached XP level 1. HP: 18/18 MP: 1/1
   353 | D:1      | Reached XP level 2. HP: 25/25 MP: 2/2
   458 | D:1      | Reached XP level 3. HP: 27/30 MP: 3/3
   566 | D:1      | Found a faded altar of an unknown god.
   938 | D:2      | Found Suli's Weapon Boutique.
  1011 | D:2      | Noticed Terence
  1023 | D:2      | HP: 1/30 [endoplasm (3)]
  1023 | D:2      | Slain by Terence

Illustrated notes

Levels and vault maps discovered:
D:1:      beargit_arrival_greenhouse, layout_basic,
          shapermc_ecumenical_altar_mp_urbaneastern
D:2:      layout_basic, serial_shops, nicolae_shop_stone, hangedman_decor_push,
          uniq_terence, uniq_robin

Skill      XL: |  1  2  3 |
---------------+----------+-----
Armour         | 4 |  4.1
Fighting       | 4 |  4.1
Long Blades    | 3 |  3.1
Shields        | |  3.7

Action                   || total
-------------------------++-------
Melee: Long sword        ||   141
  Use: Scroll            ||     4
       Potion            ||     2
Armor: Scale mail        ||    93
Dodge: Dodged            ||    66
Block: Buckler           ||    48
